 Dungeon Crawl Stone Soup version 0.29.0-4-gdea44cf6ec (webtiles) character file.

Game seed: 1241243837654409501

8499 qw the Brawler (level 11, -8/105 HPs)
             Began as a Troll Cinder Acolyte on Sept 2, 2022.
             Was a Follower of Ignis.
             Mangled by Snorg (14 damage)
             ... on level 10 of the Dungeon.
             The game lasted 00:04:31 (8196 turns).

qw the Brawler (Troll Cinder Acolyte)               Turns: 8196, Time: 00:04:32

Health: -8/105     AC: 16    Str: 34    XL:     11   Next: 10%
Magic:  11/11      EV: 12    Int: 10    God:    Ignis [*.....]
Gold:   113        SH: 11    Dex:  5    Spells: 12/12 levels left

rFire   + . .      SeeInvis .     - Unarmed
rCold   . . .      Faith    .   s - +0 kite shield {AC+3}
rNeg    . . .      Spirit   .   h - +1 animal skin
rPois   .          Reflect  +   (helmet restricted)
rElec   .          Harm     .   r - +0 cloak
rCorr   .          Rampage  .   (gloves unavailable)
Will    .....                   (boots unavailable)
Stlth   +.........              m - amulet of reflection
HPRegen 1.07/turn               q - +4 ring of evasion
MPRegen 0.12/turn               p - +6 ring of strength

@: about to teleport, fiery-armoured
A: large, unfitting armour, claws 3, regeneration 1, shaggy fur 1, tough skin 1
a: Renounce Religion, Fiery Armour, Foxfire Swarm, Rising Flame


You were on level 10 of the Dungeon.
You worshipped Ignis.
Ignis was aware of your devotion.
You visited 1 branch of the dungeon, and saw 10 of its levels.

You collected 521 gold pieces.
You spent 408 gold pieces at shops.


Innate Abilities, Weirdness & Mutations

You are too large for most types of armour.
You have claws for hands.
Your natural rate of healing is unusually fast.
You are covered in fur. (AC +1)
You have tough skin. (AC +1)


   Skills:
 - Level 6.0 Fighting
 - Level 2.1 Throwing
 - Level 1.8 Dodging
 + Level 2.0 Shields
 - Level 15.4 Unarmed Combat
 - Level 1.0 Spellcasting
 - Level 2.1 Fire Magic


You had 12 spell levels left.
You didn't know any spells.
Your spell library contained the following spells:

 Spells                   Type           Power      Damage    Failure   Level
 Scorch                   Fire           8%         2d5       45%         2

Inventory:

Armour
 h - a +1 animal skin (worn)
 r - a +0 cloak (worn)
 s - a +0 kite shield of protection (worn)
Jewellery
 g - a ring of fire
 m - an amulet of reflection (around neck)
 p - a +6 ring of strength (right claw)
 q - a +4 ring of evasion (left claw)
Wands
 o - a wand of digging (2)
Scrolls
 e - 4 scrolls of identify
Potions
 b - 4 potions of mutation
 c - 6 potions of curing
 d - 2 potions of might
 f - a potion of resistance
 i - a potion of haste
 k - 2 potions of cancellation

Dungeon Overview and Level Annotations

Branches:
Dungeon (10/15)            Temple (0/1) D:7             Orc (0/2) D:9
   Lair: D:8-11

Altars:
Cheibriados
Kikubaaqudgha
Sif Muna

Shops:
D:9 [

Annotations:
D:4 1 runed translucent door, Crazy Yiuf
D:10 Snorg


Message History

The yak is lightly wounded.
The fire elemental barely misses you.
8194 ||| DRINKING potion of heal wounds.
You feel much better. Snorg bites you!
Snorg is burned by your cloak of flames.
Snorg is lightly wounded.
Snorg claws you but does no damage.
Snorg is burned by your cloak of flames.
Snorg is moderately wounded.
You block Snorg's attack.
The orc warrior hits you but does no damage.
The yak gores you but does no damage.
The yak is burned by your cloak of flames.
The yak is lightly wounded.
The yak barely misses you.
The fire elemental completely misses you.
Snorg closely misses you. You block Snorg's attack.
Snorg claws you but does no damage.
Snorg is burned by your cloak of flames.
Snorg is moderately wounded.
8195 ||| Stepping ~*~*~tactically~*~*~ (outnumbered).
Snorg attacks as you move away! Snorg bites you but does no damage.
Snorg is burned by your cloak of flames.
Snorg is moderately wounded.
Snorg completely misses you. Snorg claws you!
Snorg is burned by your cloak of flames.
Snorg is moderately wounded.
The orc warrior hits you from afar with a +0 halberd.
The deep elf pyromancer mumbles some strange words.
The deep elf pyromancer blinks!
The yak barely misses you.
You barely miss Snorg.
Snorg is moderately wounded.
Snorg barely misses you. You block Snorg's attack.
Snorg claws you but does no damage.
Snorg is burned by your cloak of flames.
Snorg is moderately wounded.
The fire elemental misses you. The orc warrior misses you. The yak misses you.
You block Snorg's attack. Snorg barely misses you. Snorg claws you!
You die...

#... #...... #........
#####.........
####@............
#.YTYE..........
#..Y0oo.......#
#.....o.......#####
#.....Y.......#...
..................#
#.................###.
###...................
#.............##.#####


You could see Snorg (berserk), 4 yaks, a fire elemental (summoned), an orc
warrior and 2 orcs.

Vanquished Creatures
  Erica (D:8)
  A two-headed ogre (D:9)
  Pikel (D:7)
  A kobold demonologist (D:9)
  Prince Ribbit (D:7)
  A hornet (D:7)
  Grinder (D:4)
  2 wyverns
  6 yaks
  Grum (D:9)
  Menkaure (D:4)
  Edmund (D:4)
  3 water moccasins
  Duvessa (D:5)
  An acid dragon (D:9)
  2 orc warriors
  4 ice beasts
  A black bear (D:6)
  3 wolves (D:9)
  An ogre (D:5)
  2 lemures (D:7)
  3 centaurs
  2 phantoms (D:6)
  2 bullfrogs (D:8)
  2 scorpions
  4 necrophages
  9 wights
  Dowan (D:5)
  10 killer bees
  9 howler monkeys
  An electric eel (D:6)
  2 hounds
  3 jellies
  3 orc priests
  5 iguanas
  9 orc wizards
  Robin (D:4)
  13 adders
  2 white imps
  2 ufetubi
  A worm (D:3)
  A dart slug (D:4)
  31 orcs
  4 bats
  5 endoplasms
  3 giant cockroaches
  10 goblins
  7 hobgoblins
  7 jackals
  3 quokkas
  9 ball pythons
  A frilled lizard (D:2)
  2 kobolds
  5 rats
208 creatures vanquished.

Vanquished Creatures (others)
  A fungus (D:2)
  3 plants (D:2)
4 creatures vanquished.

Grand Total: 212 creatures vanquished

Notes
Turn   | Place    | Note
-------+----------+-------------------------------------------
     0 | D:1      | qw the Troll Cinder Acolyte began the quest for the Orb.
     0 | D:1      | Reached XP level 1. HP: 22/22 MP: 1/1
     0 | D:1      | 0 ||| qw: Version: 0.1-a-97-g2dd2ca4
     0 | D:1      | 0 ||| qw: Game counter: 4934
     0 | D:1      | 0 ||| qw: Always use a shield: true
     0 | D:1      | 0 ||| qw: God list: Okawaru
     0 | D:1      | 0 ||| qw: Allow faded altars: false
     0 | D:1      | 0 ||| qw: Do Orc after D:15 true
     0 | D:1      | 0 ||| qw: Do second Lair branch before Depths: true
     0 | D:1      | 0 ||| qw: Lair rune preference: random
     0 | D:1      | 0 ||| qw: Plans: Normal
     0 | D:1      | 0 ||| PLANNING D:1-11
   470 | D:1      | 470 ||| READING 2 scrolls labelled FOTEORIHOIT.
   471 | D:1      | 471 ||| READING scroll labelled JAHACU YMANARI.
   513 | D:2      | Reached XP level 2. HP: 25/29 MP: 2/2
   522 | D:2      | 522 ||| Stepping ~*~*~tactically~*~*~ (stealth).
   528 | D:2      | 528 ||| Stepping ~*~*~tactically~*~*~ (stealth).
   529 | D:2      | 529 ||| Stepping ~*~*~tactically~*~*~ (stealth).
   568 | D:2      | Reached skill level 4 in Unarmed Combat
   734 | D:2      | Reached XP level 3. HP: 36/36 MP: 3/3
   815 | D:2      | 815 ||| Stepping ~*~*~tactically~*~*~ (stealth).
   853 | D:2      | Found a faded altar of an unknown god.
  1447 | D:2      | 1447 ||| UPGRADING to amulet of guardian spirit.
  1457 | D:2      | 1457 ||| UPGRADING to +6 ring of strength.
  1458 | D:2      | 1458 ||| DRINKING 3 fizzy yellow potions.
  1459 | D:2      | 1459 ||| DRINKING 2 murky clear potions.
  1460 | D:2      | 1460 ||| READING 2 scrolls of identify.
  1460 | D:2      | 1460 ||| IDENTIFYING coppery potion
  1790 | D:3      | Reached XP level 4. HP: 42/44 MP: 4/4
  1869 | D:3      | Reached skill level 5 in Unarmed Combat
  2212 | D:3      | 2212 ||| Stepping ~*~*~tactically~*~*~ (stealth).
  2223 | D:3      | 2223 ||| Stepping ~*~*~tactically~*~*~ (hiding).
  2240 | D:3      | 2240 ||| DRINKING 2 potions of curing.
  2240 | D:3      | 2240 ||| (to cure confusion)
  2244 | D:3      | Reached XP level 5. HP: 50/50 MP: 5/5
  2337 | D:3      | 2337 ||| FLEEEEING.
  2338 | D:3      | 2338 ||| FLEEEEING.
  2340 | D:3      | 2340 ||| FLEEEEING.
  2341 | D:3      | 2341 ||| FLEEEEING.
  2342 | D:3      | 2342 ||| FLEEEEING.
  2343 | D:3      | 2343 ||| FLEEEEING.
  2344 | D:3      | 2344 ||| FLEEEEING.
  2345 | D:3      | 2345 ||| Stepping ~*~*~tactically~*~*~ (hiding).
  2346 | D:3      | 2346 ||| Stepping ~*~*~tactically~*~*~ (hiding).
  2354 | D:3      | Reached skill level 6 in Unarmed Combat
  2562 | D:3      | 2562 ||| UPGRADING to ring of willpower.
  2563 | D:3      | 2563 ||| READING scroll labelled KUARENE DEAH.
  2564 | D:3      | 2564 ||| READING scroll labelled WAUCWI HYFOME.
  2565 | D:3      | 2565 ||| DRINKING 2 bubbling pink potions.
  2605 | D:3      | 2605 ||| DRINKING 2 bubbling golden potions.
  2606 | D:3      | 2606 ||| READING 3 scrolls of identify.
  2606 | D:3      | 2606 ||| IDENTIFYING smoky clear potion
  2607 | D:3      | 2607 ||| READING 2 scrolls of identify.
  2607 | D:3      | 2607 ||| IDENTIFYING fuming pink potion
  2608 | D:3      | 2608 ||| DROPPING potion of lignification.
  2609 | D:3      | 2609 ||| DROPPING potion of flight.
  2642 | D:4      | Noticed Menkaure
  2643 | D:4      | Noticed Edmund
  2644 | D:4      | 2644 ||| INVOKING Fiery Armour.
  2650 | D:4      | Killed Edmund
  2651 | D:4      | Reached XP level 6. HP: 51/59 MP: 4/6
  2658 | D:4      | Killed Menkaure
  2659 | D:4      | Reached skill level 7 in Unarmed Combat
  2766 | D:4      | Found a runed translucent door.
  2767 | D:4      | Noticed Crazy Yiuf
  2841 | D:4      | Identified the +9 mace "Socafischi" {spect, rPois rF+ Str+4
                  | Dex+2}
  2904 | D:4      | Noticed Grinder
  2906 | D:4      | 2906 ||| INVOKING Fiery Armour.
  2907 | D:4      | 2907 ||| Stepping ~*~*~tactically~*~*~ (outnumbered).
  2913 | D:4      | Killed Grinder
  2914 | D:4      | Reached skill level 8 in Unarmed Combat
  2914 | D:4      | Reached XP level 7. HP: 66/66 MP: 7/7
  2930 | D:4      | Reached skill level 3 in Fighting
  3025 | D:4      | 3025 ||| Stepping ~*~*~tactically~*~*~ (stealth).
  3029 | D:4      | 3029 ||| Stepping ~*~*~tactically~*~*~ (stealth).
  3038 | D:4      | 3038 ||| Stepping ~*~*~tactically~*~*~ (outnumbered).
  3039 | D:4      | 3039 ||| Stepping ~*~*~tactically~*~*~ (outnumbered).
  3450 | D:4      | 3450 ||| Stepping ~*~*~tactically~*~*~ (stealth).
  3457 | D:4      | Noticed Robin
  3459 | D:4      | 3459 ||| INVOKING Fiery Armour.
  3467 | D:4      | Killed Robin
  3600 | D:4      | Reached skill level 9 in Unarmed Combat
  3836 | D:4      | 3836 ||| DROPPING +6 ring of intelligence.
  3837 | D:4      | 3837 ||| READING 4 scrolls of identify.
  3837 | D:4      | 3837 ||| IDENTIFYING bubbling red potion
  3838 | D:4      | 3838 ||| READING 3 scrolls of identify.
  3838 | D:4      | 3838 ||| IDENTIFYING glowing inky potion
  3839 | D:4      | 3839 ||| READING 2 scrolls of identify.
  3839 | D:4      | 3839 ||| IDENTIFYING emerald potion
  3840 | D:4      | 3840 ||| DROPPING potion of ambrosia.
  3841 | D:4      | 3841 ||| DROPPING potion of degeneration.
  3877 | D:5      | Entered Level 5 of the Dungeon
  3878 | D:5      | 3878 ||| PLANNING SEWER
  3878 | D:5      | Noticed Duvessa
  3882 | D:5      | Noticed Dowan
  3883 | D:5      | 3883 ||| Stepping ~*~*~tactically~*~*~ (stealth).
  3887 | D:5      | 3887 ||| Stepping ~*~*~tactically~*~*~ (stealth).
  3888 | D:5      | 3888 ||| INVOKING Fiery Armour.
  3890 | D:5      | Killed Duvessa
  3891 | D:5      | Reached skill level 1 in Dodging
  3896 | D:5      | Killed Dowan
  3897 | D:5      | Reached XP level 8. HP: 71/75 MP: 6/8
  3967 | D:5      | 3967 ||| Stepping ~*~*~tactically~*~*~ (stealth).
  3968 | D:5      | 3968 ||| Stepping ~*~*~tactically~*~*~ (stealth).
  3969 | D:5      | 3969 ||| Stepping ~*~*~tactically~*~*~ (stealth).
  3975 | D:5      | 3975 ||| Stepping ~*~*~tactically~*~*~ (stealth).
  4135 | D:5      | 4135 ||| Stepping ~*~*~tactically~*~*~ (hiding).
  4135 | D:5      | Found a glowing drain.
  4136 | D:5      | 4136 ||| Stepping ~*~*~tactically~*~*~ (hiding).
  4138 | D:5      | 4138 ||| Stepping ~*~*~tactically~*~*~ (hiding).
  4139 | D:5      | 4139 ||| Stepping ~*~*~tactically~*~*~ (hiding).
  4150 | D:5      | 4150 ||| READING scroll labelled UHIWAR KUEFAL.
  4159 | D:5      | 4159 ||| READING scroll of teleportation.
  4185 | D:5      | Reached skill level 10 in Unarmed Combat
  4236 | D:5      | 4236 ||| Stepping ~*~*~tactically~*~*~ (stealth).
  4250 | D:5      | 4250 ||| Stepping ~*~*~tactically~*~*~ (stealth).
  4501 | D:5      | 4501 ||| RIP SEWER
  4501 | D:5      | 4501 ||| PLANNING D:1-11
  4501 | D:5      | 4501 ||| READING scroll labelled SICSUZXUSSUM.
  4519 | D:5      | 4519 ||| Stepping randomly (stuck).
  4520 | D:5      | 4520 ||| Stepping randomly (stuck).
  4521 | D:5      | 4521 ||| Stepping randomly (stuck).
  4522 | D:5      | 4522 ||| Stepping randomly (stuck).
  4523 | D:5      | 4523 ||| Stepping randomly (stuck).
  4796 | D:6      | 4796 ||| INVOKING Fiery Armour.
  4960 | D:6      | 4960 ||| Stepping ~*~*~tactically~*~*~ (outnumbered).
  4961 | D:6      | 4961 ||| Stepping ~*~*~tactically~*~*~ (outnumbered).
  4962 | D:6      | 4962 ||| Stepping ~*~*~tactically~*~*~ (outnumbered).
  4963 | D:6      | 4963 ||| Stepping ~*~*~tactically~*~*~ (outnumbered).
  5290 | D:6      | Found a snail-covered altar of Cheibriados.
  5335 | D:6      | Reached skill level 11 in Unarmed Combat
  5412 | D:6      | Reached XP level 9. HP: 60/84 MP: 4/9
  5623 | D:6      | 5623 ||| UPGRADING to amulet of reflection.
  5633 | D:6      | 5633 ||| DROPPING amulet of guardian spirit.
  5634 | D:6      | 5634 ||| UPGRADING to +4 ring of evasion.
  5636 | D:6      | 5636 ||| UPGRADING to +6 ring of strength.
  5638 | D:6      | 5638 ||| DROPPING ring of willpower.
  5639 | D:6      | 5639 ||| READING scroll labelled VAISEQIA EMUACS.
  5640 | D:6      | 5640 ||| READING scroll labelled TIBLESM ONGU.
  5641 | D:6      | 5641 ||| READING 3 scrolls of identify.
  5641 | D:6      | 5641 ||| IDENTIFYING silvery potion
  5642 | D:6      | 5642 ||| DROPPING potion of brilliance.
  5724 | D:7      | 5724 ||| Stepping ~*~*~tactically~*~*~ (stealth).
  5725 | D:7      | 5725 ||| Stepping ~*~*~tactically~*~*~ (stealth).
  5726 | D:7      | 5726 ||| Stepping ~*~*~tactically~*~*~ (stealth).
  5727 | D:7      | 5727 ||| Stepping ~*~*~tactically~*~*~ (stealth).
  5731 | D:7      | 5731 ||| Stepping ~*~*~tactically~*~*~ (stealth).
  5732 | D:7      | 5732 ||| Stepping ~*~*~tactically~*~*~ (stealth).
  5734 | D:7      | 5734 ||| Stepping ~*~*~tactically~*~*~ (hiding).
  5800 | D:7      | Reached skill level 12 in Unarmed Combat
  5851 | D:7      | Found a shimmering blue altar of Sif Muna.
  5907 | D:7      | 5907 ||| INVOKING Fiery Armour.
  5908 | D:7      | HP: 21/84 [poisoned by a killer bee]
  5909 | D:7      | 5909 ||| DRINKING potion of heal wounds.
  5989 | D:7      | Found a staircase to the Ecumenical Temple.
  6337 | D:7      | Found the +4 dagger "Morg" {pain, Will+ Int+5}
  6674 | D:7      | 6674 ||| READING 3 scrolls of identify.
  6674 | D:7      | 6674 ||| IDENTIFYING orange potion
  6712 | D:8      | 6712 ||| INVOKING Fiery Armour.
  6715 | D:8      | Noticed Prince Ribbit
  6717 | D:8      | Noticed Erica
  6719 | D:8      | 6719 ||| Stepping ~*~*~tactically~*~*~ (outnumbered).
  6720 | D:8      | 6720 ||| Stepping ~*~*~tactically~*~*~ (outnumbered).
  6721 | D:8      | 6721 ||| STAIRDANCE
  6723 | D:7      | 6723 ||| Stepping ~*~*~tactically~*~*~ (outnumbered).
  6724 | D:7      | 6724 ||| Stepping ~*~*~tactically~*~*~ (outnumbered).
  6725 | D:7      | 6725 ||| Stepping ~*~*~tactically~*~*~ (outnumbered).
  6726 | D:7      | 6726 ||| Stepping ~*~*~tactically~*~*~ (outnumbered).
  6727 | D:7      | 6727 ||| Stepping ~*~*~tactically~*~*~ (outnumbered).
  6773 | D:8      | 6773 ||| STAIRDANCE
  6775 | D:7      | 6775 ||| Stepping ~*~*~tactically~*~*~ (outnumbered).
  6776 | D:7      | 6776 ||| Stepping ~*~*~tactically~*~*~ (outnumbered).
  6777 | D:7      | 6777 ||| Stepping ~*~*~tactically~*~*~ (outnumbered).
  6780 | D:7      | Reached skill level 13 in Unarmed Combat
  6788 | D:8      | Noticed Pikel
  6789 | D:8      | 6789 ||| STAIRDANCE
  6791 | D:7      | 6791 ||| Stepping ~*~*~tactically~*~*~ (outnumbered).
  6792 | D:7      | 6792 ||| Stepping ~*~*~tactically~*~*~ (outnumbered).
  6793 | D:7      | 6793 ||| Stepping ~*~*~tactically~*~*~ (outnumbered).
  6794 | D:7      | 6794 ||| Stepping ~*~*~tactically~*~*~ (outnumbered).
  6795 | D:7      | 6795 ||| Stepping ~*~*~tactically~*~*~ (outnumbered).
  6810 | D:8      | 6810 ||| STAIRDANCE
  6837 | D:7      | Killed Prince Ribbit
  6838 | D:7      | Reached XP level 10. HP: 96/96 MP: 10/10
  6840 | D:8      | 6840 ||| STAIRDANCE
  6845 | D:7      | Killed Pikel
  6851 | D:8      | 6851 ||| INVOKING Fiery Armour.
  6853 | D:8      | Killed Erica
  6854 | D:8      | Reached skill level 14 in Unarmed Combat
  6870 | D:8      | 6870 ||| STAIRDANCE
  6896 | D:8      | 6896 ||| Stepping ~*~*~tactically~*~*~ (stealth).
  6905 | D:8      | 6905 ||| Stepping ~*~*~tactically~*~*~ (stealth).
  6908 | D:8      | 6908 ||| Stepping ~*~*~tactically~*~*~ (stealth).
  6939 | D:8      | Reached skill level 1 in Throwing
  6947 | D:8      | 6947 ||| FLEEEEING.
  7062 | D:8      | Found an ancient bone altar of Kikubaaqudgha.
  7249 | D:8      | 7249 ||| READING scroll labelled MIORUGAHAS.
  7250 | D:8      | 7250 ||| READING scroll labelled HIQOCO XAOGUWY.
  7309 | D:9      | Found Eneiniapn's Antique Armour Emporium.
  7311 | D:9      | 7311 ||| Stepping ~*~*~tactically~*~*~ (hiding).
  7314 | D:9      | 7314 ||| Stepping ~*~*~tactically~*~*~ (stealth).
  7318 | D:9      | Reached skill level 6 in Fighting
  7323 | D:9      | 7323 ||| Stepping ~*~*~tactically~*~*~ (hiding).
  7329 | D:9      | 7329 ||| Stepping ~*~*~tactically~*~*~ (outnumbered).
  7358 | D:9      | Noticed Grum
  7359 | D:9      | 7359 ||| INVOKING Fiery Armour.
  7368 | D:9      | Killed Grum
  7402 | D:9      | 7402 ||| BUYING cloak (153 gold).
  7402 | D:9      | Bought a cloak for 153 gold pieces
  7402 | D:9      | 7402 ||| BUYING shiny kite shield (255 gold).
  7402 | D:9      | Bought a shiny kite shield for 255 gold pieces
  7406 | D:9      | 7406 ||| Stepping ~*~*~tactically~*~*~ (hiding).
  7407 | D:9      | 7407 ||| Stepping ~*~*~tactically~*~*~ (hiding).
  7409 | D:9      | 7409 ||| Stepping ~*~*~tactically~*~*~ (hiding).
  7410 | D:9      | 7410 ||| Stepping ~*~*~tactically~*~*~ (hiding).
  7411 | D:9      | 7411 ||| Stepping ~*~*~tactically~*~*~ (hiding).
  7523 | D:9      | Reached skill level 15 in Unarmed Combat
  7695 | D:9      | Found a staircase to the Orcish Mines.
  7710 | D:9      | Noticed a two-headed ogre
  7713 | D:9      | Killed a two-headed ogre
  7714 | D:9      | Reached XP level 11. HP: 92/105 MP: 11/11
  7714 | D:9      | 7714 ||| Stepping ~*~*~tactically~*~*~ (hiding).
  7737 | D:9      | Identified the +10 mace of Defence by Offence {vamp, rElec
                  | Stlth+}
  7817 | D:9      | 7817 ||| Stepping ~*~*~tactically~*~*~ (stealth).
  7818 | D:9      | 7818 ||| Stepping ~*~*~tactically~*~*~ (stealth).
  7828 | D:9      | 7828 ||| INVOKING Fiery Armour.
  8130 | D:9      | 8130 ||| UPGRADING to +1 animal skin.
  8140 | D:9      | 8140 ||| DROPPING +0 robe.
  8141 | D:9      | 8141 ||| UPGRADING to +0 cloak.
  8146 | D:9      | 8146 ||| UPGRADING to +0 kite shield of protection.
  8151 | D:9      | 8151 ||| READING scroll labelled SEYMOB XUCEATI.
  8163 | D:10     | Entered Level 10 of the Dungeon
  8166 | D:10     | 8166 ||| INVOKING Fiery Armour.
  8170 | D:10     | Reached skill level 1 in Shields
  8170 | D:10     | 8170 ||| DRINKING 7 potions of curing.
  8170 | D:10     | 8170 ||| (to cure confusion)
  8172 | D:10     | 8172 ||| Stepping ~*~*~tactically~*~*~ (outnumbered).
  8173 | D:10     | 8173 ||| Stepping ~*~*~tactically~*~*~ (outnumbered).
  8175 | D:10     | 8175 ||| Stepping ~*~*~tactically~*~*~ (outnumbered).
  8175 | D:10     | Noticed Snorg
  8175 | D:10     | Noticed a deep elf pyromancer
  8177 | D:10     | 8177 ||| Stepping ~*~*~tactically~*~*~ (outnumbered).
  8178 | D:10     | 8178 ||| Stepping ~*~*~tactically~*~*~ (outnumbered).
  8179 | D:10     | 8179 ||| Stepping ~*~*~tactically~*~*~ (outnumbered).
  8180 | D:10     | 8180 ||| Stepping ~*~*~tactically~*~*~ (outnumbered).
  8181 | D:10     | 8181 ||| Stepping ~*~*~tactically~*~*~ (outnumbered).
  8182 | D:10     | 8182 ||| Stepping ~*~*~tactically~*~*~ (outnumbered).
  8183 | D:10     | 8183 ||| Stepping ~*~*~tactically~*~*~ (outnumbered).
  8184 | D:10     | 8184 ||| Stepping ~*~*~tactically~*~*~ (outnumbered).
  8185 | D:10     | 8185 ||| Stepping ~*~*~tactically~*~*~ (outnumbered).
  8188 | D:10     | 8188 ||| Stepping ~*~*~tactically~*~*~ (outnumbered).
  8189 | D:10     | 8189 ||| Stepping ~*~*~tactically~*~*~ (outnumbered).
  8190 | D:10     | 8190 ||| Stepping ~*~*~tactically~*~*~ (outnumbered).
  8192 | D:10     | HP: 21/105 [Snorg (21)]
  8193 | D:10     | 8193 ||| READING scroll of teleportation.
  8194 | D:10     | 8194 ||| DRINKING potion of heal wounds.
  8195 | D:10     | 8195 ||| Stepping ~*~*~tactically~*~*~ (outnumbered).
  8195 | D:10     | HP: 10/105 [Snorg (12)]
  8196 | D:10     | Mangled by Snorg

Levels and vault maps discovered:
D:1:      evilmike_arrival_come_back, layout_rooms, minmay_misc_feat_nine_boxes
D:2:      layout_basic, shapermc_ecumenical_altar_mp_urbaneastern,
          minmay_misc_feat_columns, serial_bayou_lagoon_a, minivault_19,
          amcnicky_mini_corridor_feature, roderic_roman_lattice,
          chequers_decorated_corner
D:3:      layout_loops_corners, grunt_decor_clamped, kennysheep_orc_chapel
D:4:      layout_basic, dk_vineyard_1, uniq_edmund, uniq_crazy_yiuf_cottage,
          uniq_menkaure, uniq_grinder, uniq_robin
D:5:      layout_cave_pools, gup_sewer_entry_glass, item_on_display_a,
          uniq_duvessa
D:6:      layout_loops_corners, cheibriados_altar_1,
          kennysheep_opposing_triangles
D:7:      layout_loops_corners, old_standard_altar,
          minmay_temple_entry_sparse_star
D:8:      layout_rooms, kiku_gazebo_pond_becter, uniq_prince_ribbit1,
          uniq_pikel, uniq_erica
D:9:      layout_basic, orc_0_dummy, serial_shops, shop, uniq_grum
D:10:     cheibrodos_helix_gallery, layout_rooms,
          mainiacjoe_overflow_small_starburst,
          nicolae_overflow_hallway_of_the_gods, dpeg_lair_monsters, uniq_snorg

Skill      XL: |  1  2  3  4  5  6  7  8  9 10 11 |
---------------+----------------------------------+-----
Unarmed Combat | 4 5 6 8 9 11 13 15 | 15.4
Fighting       | 3 4 5 6 |  6.0
Dodging        | 1 |  1.8
Throwing       | 2 |  2.1
Shields        | 2 |  2.0
Spellcasting   | |  1.0
Fire Magic     | |  2.1

Action                   |  1- 3 |  4- 6 |  7- 9 | 10-12 || total
-------------------------+-------+-------+-------+-------++-------
Melee: Unarmed           |    89 |    69 |   279 |   145 ||   582
       Punch             |       |     1 |    13 |     5 ||    19
Throw: Boomerang         |       |       |       |     5 ||     5
Invok: Fiery Armour      |       |     2 |     5 |     4 ||    11
  Use: Scroll            |     3 |     4 |    10 |     4 ||    21
       Potion            |     2 |     3 |     1 |     2 ||     8
Armor: Robe              |    34 |    20 |    65 |    20 ||   139
       Animal skin       |       |       |       |    22 ||    22
Dodge: Dodged            |    38 |    15 |   139 |   100 ||   292
Block: Other             |       |       |    27 |    21 ||    48
       Reflection        |       |       |       |     6 ||     6
       Kite shield       |       |       |       |    26 ||    26

Table legend:
 A = Non-vault XP
 B = Vault XP
 C = Vault XP percentage of total XP
 D = Non-vault monster count
 E = Vault monster count
 F = Vault count percentage of total count
                 A         B        C        D         E       F
            +---------+---------+-------+---------+---------+-------
      Total |    8126 |    4016 |  33.1 |     171 |      35 |  17.0
            +---------+---------+-------+---------+---------+-------
        D:1 |      11 |       0 |   0.0 |       7 |       0 |   0.0
        D:2 |      60 |       0 |   0.0 |      22 |       0 |   0.0
        D:3 |     125 |      50 |  28.6 |      16 |       4 |  20.0
        D:4 |     383 |     631 |  62.2 |      33 |      13 |  28.3
        D:5 |     567 |     246 |  30.3 |      14 |       5 |  26.3
        D:6 |     525 |     454 |  46.4 |       9 |       4 |  30.8
        D:7 |    2194 |     937 |  29.9 |      24 |       2 |   7.7
        D:8 |    1281 |     839 |  39.6 |      18 |       1 |   5.3
        D:9 |    2606 |     529 |  16.9 |      26 |       4 |  13.3
       D:10 |     374 |     330 |  46.9 |       2 |       2 |  50.0
            +---------+---------+-------+---------+---------+-------
